[Event "FEXERJ State Masters-ch 2024"]
[Site "Rio de Janeiro"]
[Date "2024.05.30"]
[Round "1.1"]
[White "Laba, Otavio De Souza"]
[Black "Rangel, Daniel"]
[Result "0-1"]
[ECO "E06"]
[WhiteElo "1879"]
[BlackElo "2161"]
[Annotator "RC"]
[PlyCount "48"]
[EventDate "2024.05.15"]
[EventType "swiss"]
[EventCountry "BRA"]
[SourceTitle "playchess.com"]
[Source "ChessBase"]
[SourceQuality "1"]
[TimeControl "5400+30"]

1. d4 Nf6 2. c4 e6 3. Nf3 d5 4. g3 Be7 5. Bg2 O-O 6. O-O a5 7. Nc3 c6 8. b3 b6 9. cxd5 cxd5 10. Bf4 Ba6 11. Re1 Bb4 12. Bd2 Nc6 13. a3 Bd6 14. e4 Nxe4 15. Nxe4 dxe4 16. Ng5 Be7 17. Nxh7 Re8 18. Bxe4 Nxd4 19. Qh5 f5 20. Bh6 fxe4 21. Qg6 Bf6 22. Ng5 Nf3+ 23. Nxf3 exf3 24. Rad1 Qe7 0-1

[Event "FEXERJ State Masters-ch 2024"]
[Site "Rio de Janeiro"]
[Date "2024.05.30"]
[Round "1.2"]
[White "Guimaraes, Wagner Peixoto"]
[Black "Barros, Angelo Costa"]
[Result "1/2-1/2"]
[ECO "B51"]
[WhiteElo "2142"]
[BlackElo "1824"]
[Annotator "NA RC"]
[PlyCount "101"]
[EventDate "2024.05.15"]
[EventType "swiss"]
[EventCountry "BRA"]
[SourceTitle "playchess.com"]
[Source "ChessBase"]
[SourceQuality "1"]
[TimeControl "5400+30"]

1. e4 c5 2. Nf3 d6 3. Bb5+ Nd7 4. d4 cxd4 5. Qxd4 Ngf6 6. O-O e5 7. Qd3 h6 8. c4 Be7 9. Be3 O-O 10. Nc3 a6 11. Ba4 Nb6 12. Bb3 Be6 13. Rfd1 Qc7 14. Nd5 Bxd5 15. cxd5 Rfc8 16. Rac1 Qd8 17. Nh4 Ng4 18. Rxc8 Rxc8 19. Nf5 Nxe3 20. Qxe3 Bf8 21. Rc1 Nd7 22. Rc3 Kh7 23. Qf3 g6 24. Ng3 Kg7 25. Qg4 Rxc3 26. bxc3 Qc7 27. h3 Nf6 28. Qf3 Be7 29. Nf1 Qc5 30. Ne3 Bd8 31. g3 Kf8 32. Ng4 Nxg4 33. hxg4 Bb6 34. Qf6 Kg8 35. Qf3 Kg7 36. Kg2 Ba5 37. c4 Bb6 38. Kg1 Qd4 39. Kg2 Qd2 40. Kf1 Kf8 41. Qe2 Qd4 42. Kg2 Ke7 43. Kg1 Qa1+ 44. Kg2 Bd4 45. Qd2 Kd7 46. Qe2 Qc1 47. Qf3 Ke7 48. Qe2 Qc3 49. Kh2 Kd8 50. Kg2 Ke7 51. Qd1 1/2-1/2

[Event "FEXERJ State Masters-ch 2024"]
[Site "Rio de Janeiro"]
[Date "2024.05.30"]
[Round "1.4"]
[White "Salles, Marvio Darilho"]
[Black "Leal, Kaue Dos Santos"]
[Result "1-0"]
[ECO "B25"]
[WhiteElo "2072"]
[BlackElo "1779"]
[Annotator "NA RC"]
[PlyCount "62"]
[EventDate "2024.05.15"]
[EventType "swiss"]
[EventCountry "BRA"]
[SourceTitle "playchess.com"]
[Source "ChessBase"]
[SourceQuality "1"]
[TimeControl "5400+30"]

1. e4 c5 2. Nc3 Nc6 3. g3 g6 4. Bg2 Bg7 5. f4 d6 6. Nf3 Nf6 7. O-O a6 8. a4 O-O 9. d3 Qc7 10. h3 b6 11. Nh4 Bb7 12. g4 Nd4 13. Ne2 Nxe2+ 14. Qxe2 Nd7 15. f5 b5 16. c3 b4 17. Bd2 a5 18. Rab1 Nb6 19. cxb4 axb4 20. b3 Nd7 21. Nf3 Ba6 22. Bf4 Rad8 23. Nd2 Ne5 24. Nc4 Nc6 25. Kh1 Nd4 26. Qd1 Bb7 27. Rf2 Bc6 28. Qf1 Qa7 29. Ne3 Ba8 30. Nc4 Nc6 31. Bg5 Ne5 1-0

[Event "FEXERJ State Masters-ch 2024"]
[Site "Rio de Janeiro"]
[Date "2024.05.30"]
[Round "2.3"]
[White "Chaves, Jorge Antonio Torres"]
[Black "Salles, Marvio Darilho"]
[Result "0-1"]
[ECO "A48"]
[WhiteElo "1918"]
[BlackElo "2072"]
[Annotator "RC"]
[PlyCount "129"]
[EventDate "2024.05.15"]
[EventType "swiss"]
[EventCountry "BRA"]
[SourceTitle "playchess.com"]
[Source "ChessBase"]
[SourceQuality "1"]
[TimeControl "5400+30"]

1. d4 Nf6 2. Nf3 g6 3. Bf4 Bg7 4. e3 O-O 5. Be2 d6 6. h4 Bg4 7. Nc3 c6 8. Qd2 b5 9. a3 a5 10. Ng5 Bxe2 11. Qxe2 h6 12. Nf3 Nbd7 13. h5 Nxh5 14. Rxh5 gxh5 15. Ne4 f5 16. Ned2 e5 17. dxe5 dxe5 18. Bg3 Qf6 19. Bh4 Qf7 20. O-O-O e4 21. Nd4 Qa2 22. Nb1 Ne5 23. Nc3 Qa1+ 24. Nb1 Nc4 25. c3 a4 26. Be7 Rf7 27. Bc5 Ne5 28. Ne6 Nd3+ 29. Rxd3 exd3 30. Qxd3 Qa2 31. Nxg7 Kxg7 32. Bd4+ Kh7 33. Qe2 Rg8 34. Qf3 Qe6 35. Nd2 Qg6 36. g3 Rd8 37. c4 Rfd7 38. c5 Rxd4 39. exd4 Rxd4 40. Qe3 Qf6 41. Nf3 Rc4+ 42. Kb1 Re4 43. Qd3 Re7 44. Nh4 Re1+ 45. Kc2 Qe6 46. Qxf5+ Qxf5+ 47. Nxf5 Re2+ 48. Kc3 Rxf2 49. Nd4 Rf6 50. Kb4 Kg6 51. Nxb5 cxb5 52. Kxb5 Kg5 53. Kxa4 Kg4 54. b4 Kxg3 55. b5 h4 56. b6 h3 57. b7 Rf8 58. c6 h2 59. c7 h1=Q 60. b8=Q Rf4+ 61. Ka5 Qd5+ 62. Qb5 Qa8+ 63. Kb6 Rf6+ 64. Kc5 Rf5+ 65. Kd4 0-1

[Event "FEXERJ State Masters-ch 2024"]
[Site "Rio de Janeiro"]
[Date "2024.05.30"]
[Round "2.4"]
[White "Fernandes, Silas Carvalho"]
[Black "Fernandes, Felipe Gambini"]
[Result "1-0"]
[ECO "E18"]
[WhiteElo "2043"]
[BlackElo "1893"]
[Annotator "RC"]
[PlyCount "73"]
[EventDate "2024.05.15"]
[EventType "swiss"]
[EventCountry "BRA"]
[SourceTitle "playchess.com"]
[Source "ChessBase"]
[SourceQuality "1"]
[TimeControl "5400+30"]

1. Nf3 Nf6 2. d4 b6 3. g3 Bb7 4. Bg2 e6 5. O-O Be7 6. c4 O-O 7. Nc3 d6 8. Qd3 Nbd7 9. Rd1 c5 10. d5 e5 11. Nh4 Re8 12. Nf5 Nf8 13. Bg5 Bc8 14. Nxe7+ Qxe7 15. Ne4 Bf5 16. Bxf6 gxf6 17. Qf3 Bxe4 18. Qxe4 Qd7 19. Qh4 Qf5 20. Be4 Qg5 21. Qh3 Ng6 22. Rd3 h5 23. Kh1 Ne7 24. Bf3 Qf5 25. g4 hxg4 26. Bxg4 Qh7 27. Qg2 Kf8 28. Rh3 Qc2 29. Rh8+ Ng8 30. Rxg8+ Ke7 31. Rxe8+ Rxe8 32. b3 Rg8 33. Qf3 Qb2 34. Rg1 Qxa2 35. Qf5 Rd8 36. Rg3 a5 37. Rf3 1-0

[Event "FEXERJ State Masters-ch 2024"]
[Site "Rio de Janeiro"]
[Date "2024.06.01"]
[Round "3.1"]
[White "Fernandes, Silas Carvalho"]
[Black "Rangel, Daniel"]
[Result "0-1"]
[ECO "E62"]
[WhiteElo "2043"]
[BlackElo "2161"]
[Annotator "RC"]
[PlyCount "85"]
[EventDate "2024.05.15"]
[EventType "swiss"]
[EventCountry "BRA"]
[SourceTitle "playchess.com"]
[Source "ChessBase"]
[SourceQuality "1"]
[TimeControl "5400+30"]

1. Nf3 Nf6 2. d4 g6 3. g3 Bg7 4. Bg2 O-O 5. O-O d6 6. c4 c6 7. Nc3 Bf5 8. Re1 Ne4 9. Nxe4 Bxe4 10. Nh4 Bxg2 11. Kxg2 Nd7 12. Nf3 e5 13. dxe5 dxe5 14. e4 Nc5 15. Qc2 Ne6 16. Be3 c5 17. Rad1 Nd4 18. Bxd4 exd4 19. Qd3 Qb6 20. Re2 Qc6 21. Kg1 a6 22. b3 b5 23. Rde1 Bh6 24. Ne5 Qe6 25. Nf3 bxc4 26. bxc4 Rab8 27. Rc2 Rb4 28. Kg2 Rfb8 29. Ng1 Qc6 30. f4 Qa4 31. Rec1 Rb2 32. Qd2 Qxa2 33. Kh3 a5 34. Nf3 Rxc2 35. Rxc2 Qb1 36. Ne5 Bg7 37. Nd7 Rc8 38. e5 Qb7 39. Nf6+ Bxf6 40. exf6 Qa6 41. Ra2 Qxf6 42. Ra4 Qe6+ 43. Kg2 0-1

[Event "FEXERJ State Masters-ch 2024"]
[Site "Rio de Janeiro"]
[Date "2024.06.01"]
[Round "3.3"]
[White "Salles, Marvio Darilho"]
[Black "Yunes, David Teles"]
[Result "1/2-1/2"]
[ECO "A34"]
[WhiteElo "2072"]
[BlackElo "1975"]
[Annotator "NA COMBH RC"]
[PlyCount "66"]
[EventDate "2024.05.15"]
[EventType "swiss"]
[EventCountry "BRA"]
[SourceTitle "playchess.com"]
[Source "ChessBase"]
[SourceQuality "1"]
[TimeControl "5400+30"]

1. e4 c5 2. c4 Nc6 3. Nc3 Nf6 4. Be2 g6 5. Nf3 Bg7 6. O-O O-O 7. a3 d6 8. d3 Ne8 9. Bd2 Nc7 10. Rb1 a5 11. Re1 f5 12. Nd5 Ne6 13. exf5 gxf5 14. Bf1 f4 15. b4 axb4 16. axb4 cxb4 17. Nxb4 Ned4 18. Nxc6 Nxc6 19. Qb3 Kh8 20. Bc3 e5 21. Ra1 Rb8 22. Qb2 Bg4 23. Be2 Qf6 24. Qb6 Qg6 25. Rad1 Rf7 26. Kh1 Rg8 27. Rg1 Qh5 28. c5 d5 29. Qb1 Rf6 30. Rge1 Rh6 31. Kg1 Bf6 32. Qxb7 Bxf3 33. Bxf3 {[%emt 0:00:56] Check Result:-#8} Qxf3 1/2-1/2

[Event "FEXERJ State Masters-ch 2024"]
[Site "Rio de Janeiro"]
[Date "2024.06.01"]
[Round "3.4"]
[White "Guimaraes, Wagner Peixoto"]
[Black "Pereira, Arthur Macedo"]
[Result "0-1"]
[ECO "C85"]
[WhiteElo "2142"]
[BlackElo "1899"]
[Annotator "NA RC"]
[PlyCount "66"]
[EventDate "2024.05.15"]
[EventType "swiss"]
[EventCountry "BRA"]
[SourceTitle "playchess.com"]
[Source "ChessBase"]
[SourceQuality "1"]
[TimeControl "5400+30"]

1. e4 e5 2. Nf3 Nc6 3. Bb5 a6 4. Ba4 Nf6 5. O-O Be7 6. Bxc6 dxc6 7. Qe1 Nd7 8. d3 O-O 9. Nbd2 Re8 10. Nc4 Bf6 11. a4 b6 12. Be3 Nf8 13. b4 Ng6 14. Qd2 Be6 15. Rab1 Bxc4 16. dxc4 Qe7 17. h3 Red8 18. Qe2 Nf4 19. Bxf4 exf4 20. e5 Qe6 21. Qe4 g5 22. Rfe1 Be7 23. c5 Qg6 24. Nd4 bxc5 25. Nxc6 Qxe4 26. Rxe4 Rd7 27. b5 axb5 28. Rxb5 Rd1+ 29. Kh2 Bf8 30. Rb8 Ra6 31. e6 fxe6 32. Rxe6 Kf7 33. Rbe8 Rxc6 0-1

[Event "FEXERJ State Masters-ch 2024"]
[Site "Rio de Janeiro"]
[Date "2024.06.01"]
[Round "4.2"]
[White "Pereira, Arthur Macedo"]
[Black "Salles, Marvio Darilho"]
[Result "1/2-1/2"]
[ECO "A52"]
[WhiteElo "1899"]
[BlackElo "2072"]
[Annotator "RC"]
[PlyCount "60"]
[EventDate "2024.05.15"]
[EventType "swiss"]
[EventCountry "BRA"]
[SourceTitle "playchess.com"]
[Source "ChessBase"]
[SourceQuality "1"]
[TimeControl "5400+30"]

1. d4 Nf6 2. c4 e5 3. dxe5 Ng4 4. Nf3 Nc6 5. e3 Bb4+ 6. Bd2 Qe7 7. Nc3 Bxc3 8. Bxc3 O-O 9. Be2 Ngxe5 10. Nxe5 Nxe5 11. O-O d6 12. Qd4 Be6 13. c5 f6 14. cxd6 cxd6 15. Rfd1 Rfd8 16. b3 d5 17. Rac1 Nc6 18. Qd2 Rd7 19. Bb5 Rc8 20. Bb4 Qe8 21. Bxc6 Rxc6 22. Rxc6 bxc6 23. Qc2 Rb7 24. Bc5 Qg6 25. Qxg6 hxg6 26. Bd4 Rb5 27. Rc1 Bd7 28. Kf1 Kf7 29. Ke2 a6 30. Rc5 Ke6 1/2-1/2

[Event "FEXERJ State Masters-ch 2024"]
[Site "Rio de Janeiro"]
[Date "2024.06.01"]
[Round "4.3"]
[White "Yunes, David Teles"]
[Black "Fernandes, Silas Carvalho"]
[Result "1/2-1/2"]
[ECO "B51"]
[WhiteElo "1975"]
[BlackElo "2043"]
[Annotator "RC"]
[PlyCount "75"]
[EventDate "2024.05.15"]
[EventType "swiss"]
[EventCountry "BRA"]
[SourceTitle "playchess.com"]
[Source "ChessBase"]
[SourceQuality "1"]
[TimeControl "5400+30"]

1. e4 c5 2. Nf3 d6 3. Bb5+ Nc6 4. Bxc6+ bxc6 5. O-O e6 6. Qe2 Qc7 7. b3 a5 8. Bb2 Ne7 9. Rd1 Ng6 10. d4 cxd4 11. Nxd4 Ba6 12. Qg4 Be7 13. c4 O-O 14. Nc3 Rfb8 15. Rab1 a4 16. f4 axb3 17. axb3 Bc8 18. Ba1 e5 19. Nf5 exf4 20. Ne2 Bf8 21. Nxf4 d5 22. Nh5 dxc4 23. bxc4 Rxb1 24. Rxb1 Qa7+ 25. Kf1 Be6 26. Qe2 Qc5 27. Bd4 Qxc4 28. Qxc4 Bxc4+ 29. Kf2 f6 30. Rb7 c5 31. Bxf6 Ra2+ 32. Kg3 Ra3+ 33. Kf2 Ra2+ 34. Kg3 Bf1 35. Ne3 Ra3 36. Bxg7 Bxg7 37. Rxg7+ Kf8 38. Rxh7 1/2-1/2

[Event "FEXERJ State Masters-ch 2024"]
[Site "Rio de Janeiro"]
[Date "2024.06.01"]
[Round "4.4"]
[White "Dos Santos, Thiago L Verbicario"]
[Black "Fucs, Paulo Moses"]
[Result "1/2-1/2"]
[ECO "C55"]
[WhiteElo "1908"]
[BlackElo "1971"]
[Annotator "RC"]
[PlyCount "35"]
[EventDate "2024.05.15"]
[EventType "swiss"]
[EventCountry "BRA"]
[SourceTitle "playchess.com"]
[Source "ChessBase"]
[SourceQuality "1"]
[TimeControl "5400+30"]

1. e4 e5 2. Nf3 Nc6 3. Bc4 Be7 4. c3 Nf6 5. d3 d6 6. O-O Bg4 7. Nbd2 O-O 8. Re1 a6 9. Bb3 Kh8 10. Nf1 Qd7 11. h3 Be6 12. Bc2 Qe8 13. d4 Bd7 14. Ne3 h6 15. Nd5 Bd8 16. b3 Ng8 17. Ne3 f6 18. Nh4 1/2-1/2

[Event "FEXERJ State Masters-ch 2024"]
[Site "Rio de Janeiro"]
[Date "2024.06.02"]
[Round "5.1"]
[White "Salles, Marvio Darilho"]
[Black "Rangel, Daniel"]
[Result "0-1"]
[ECO "A15"]
[WhiteElo "2072"]
[BlackElo "2161"]
[Annotator "RC"]
[PlyCount "58"]
[EventDate "2024.05.15"]
[EventType "swiss"]
[EventCountry "BRA"]
[SourceTitle "playchess.com"]
[Source "ChessBase"]
[SourceQuality "1"]
[TimeControl "5400+30"]

1. Nf3 Nf6 2. g3 g6 3. b3 Bg7 4. Bb2 O-O 5. Bg2 d6 6. O-O e5 7. d3 Nc6 8. c4 h6 9. Nc3 Be6 10. Re1 d5 11. cxd5 Nxd5 12. Ne4 b6 13. Rc1 Nd4 14. Nfd2 f5 15. Nc3 c5 16. Nxd5 Bxd5 17. Bxd4 exd4 18. Bxd5+ Qxd5 19. Qc2 Kh7 20. Qc4 Qd6 21. a4 h5 22. Rc2 Bh6 23. Nf3 a5 24. Qb5 f4 25. Nd2 fxg3 26. hxg3 Bxd2 27. Rxd2 Rae8 28. Kg2 h4 29. Rh1 Rxf2+ 0-1

[Event "FEXERJ State Masters-ch 2024"]
[Site "Rio de Janeiro"]
[Date "2024.06.02"]
[Round "5.3"]
[White "Okamura, Milton Kasuo"]
[Black "Pereira, Arthur Macedo"]
[Result "1/2-1/2"]
[ECO "E48"]
[WhiteElo "1986"]
[BlackElo "1899"]
[Annotator "NA RC"]
[PlyCount "111"]
[EventDate "2024.05.15"]
[EventType "swiss"]
[EventCountry "BRA"]
[SourceTitle "playchess.com"]
[Source "ChessBase"]
[SourceQuality "1"]
[TimeControl "5400+30"]

1. d4 Nf6 2. c4 e6 3. Nc3 Bb4 4. e3 O-O 5. Bd3 d5 6. Nge2 dxc4 7. Bxc4 Re8 8. a3 Bf8 9. e4 e5 10. d5 h6 11. Ng3 Nbd7 12. O-O g6 13. Ba2 Nb6 14. Kh1 Bg7 15. f3 Bd7 16. Be3 Nc8 17. Qd2 Kh7 18. Rac1 Nd6 19. Rfd1 b6 20. a4 a5 21. Qe2 Re7 22. Nf1 Qe8 23. Bb3 Nh5 24. g3 f5 25. Bf2 Nf6 26. Qc2 fxe4 27. Nxe4 Nfxe4 28. fxe4 Bg4 29. Re1 Qf8 30. Kg1 Nf7 31. Be3 Nd6 32. Nd2 Bh3 33. Qd3 Rf7 34. Bd1 Qe7 35. Be2 Qd7 36. Rc6 Bg4 37. Rec1 Bxe2 38. Qxe2 Raf8 39. Qd3 Ne8 40. Kg2 Rf6 41. b3 R8f7 42. h3 Rf8 43. Qc3 R6f7 44. b4 axb4 45. Qxb4 Rf6 46. a5 bxa5 47. Qxa5 R6f7 48. Bc5 Rg8 49. Nc4 h5 50. Be3 Rgf8 51. Nd2 Bh6 52. Bc5 Bxd2 53. Qxd2 Nd6 54. Qe2 Qd8 55. h4 Qf6 56. Bg1 1/2-1/2

[Event "FEXERJ State Masters-ch 2024"]
[Site "Rio de Janeiro"]
[Date "2024.06.02"]
[Round "5.4"]
[White "Fernandes, Silas Carvalho"]
[Black "Dias, Matheus Braga"]
[Result "1/2-1/2"]
[ECO "B86"]
[WhiteElo "2043"]
[BlackElo "1961"]
[Annotator "NA"]
[PlyCount "29"]
[EventDate "2024.05.15"]
[EventType "swiss"]
[EventCountry "BRA"]
[SourceTitle "playchess.com"]
[Source "ChessBase"]
[SourceQuality "1"]
[TimeControl "5400+30"]

1. e4 c5 2. Nf3 d6 3. Nc3 Nf6 4. Bc4 e6 5. d4 cxd4 6. Nxd4 a6 7. a4 Be7 8. O-O Qc7 9. Qe2 O-O 10. Be3 Nbd7 11. f3 Re8 12. Ba2 b6 13. Kh1 Bb7 14. Qf2 Rac8 15. Rfd1 1/2-1/2

[Event "FEXERJ State Masters-ch 2024"]
[Site "Rio de Janeiro"]
[Date "2024.06.02"]
[Round "6.1"]
[White "Rangel, Daniel"]
[Black "Okamura, Milton Kasuo"]
[Result "1/2-1/2"]
[ECO "C50"]
[WhiteElo "2161"]
[BlackElo "1986"]
[Annotator "RC"]
[PlyCount "55"]
[EventDate "2024.05.15"]
[EventType "swiss"]
[EventCountry "BRA"]
[SourceTitle "playchess.com"]
[Source "ChessBase"]
[SourceQuality "1"]
[TimeControl "5400+30"]

1. e4 e5 2. Bc4 Nf6 3. d3 Nc6 4. Nf3 Bc5 5. Nc3 h6 6. a3 a6 7. h3 d6 8. O-O O-O 9. b4 Ba7 10. Be3 Bxe3 11. fxe3 Be6 12. Nd5 Bxd5 13. exd5 Ne7 14. e4 Ng6 15. Kh2 Qe7 16. Ng1 h5 17. g3 h4 18. g4 Nf4 19. Nf3 Nh7 20. Qe1 g5 21. Qe3 b6 22. Bb3 Rfb8 23. Nd2 Qd7 24. Nc4 Nf8 25. Qd2 N8g6 26. Ne3 f6 27. Nf5 a5 28. b5 1/2-1/2

[Event "FEXERJ State Masters-ch 2024"]
[Site "Rio de Janeiro"]
[Date "2024.06.02"]
[Round "6.3"]
[White "Pereira, Arthur Macedo"]
[Black "Fucs, Paulo Moses"]
[Result "1-0"]
[ECO "D90"]
[WhiteElo "1899"]
[BlackElo "1971"]
[Annotator "RC"]
[PlyCount "35"]
[EventDate "2024.05.15"]
[EventType "swiss"]
[EventCountry "BRA"]
[SourceTitle "playchess.com"]
[Source "ChessBase"]
[SourceQuality "1"]
[TimeControl "5400+30"]

1. d4 d5 2. c4 c6 3. Nc3 a6 4. cxd5 cxd5 5. Nf3 Nc6 6. Bf4 Nf6 7. e3 g6 8. Be2 Bg7 9. h3 O-O 10. O-O Qb6 11. Na4 Qa5 12. a3 e6 13. b4 Qd8 14. Rc1 Re8 15. Nc5 Ne7 16. Nxa6 bxa6 17. Bc7 Qd7 18. Ne5 1-0

[Event "FEXERJ State Masters-ch 2024"]
[Site "Rio de Janeiro"]
[Date "2024.06.02"]
[Round "6.4"]
[White "Barros, Angelo Costa"]
[Black "Salles, Marvio Darilho"]
[Result "0-1"]
[ECO "B28"]
[WhiteElo "1824"]
[BlackElo "2072"]
[Annotator "RC"]
[PlyCount "76"]
[EventDate "2024.05.15"]
[EventType "swiss"]
[EventCountry "BRA"]
[SourceTitle "playchess.com"]
[Source "ChessBase"]
[SourceQuality "1"]
[TimeControl "5400+30"]

1. e4 c5 2. Nf3 a6 3. c3 d5 4. exd5 Qxd5 5. d4 e6 6. Be3 Nd7 7. Nbd2 cxd4 8. Bc4 Qa5 9. Bxd4 Ngf6 10. O-O Be7 11. a4 Qc7 12. Re1 O-O 13. a5 Bc5 14. Qe2 Re8 15. b4 Bxd4 16. cxd4 Nf8 17. Rec1 Qd6 18. Bd3 Qxb4 19. Rc5 b6 20. Rb1 bxc5 21. Rxb4 cxb4 22. Nc4 Nd5 23. Be4 Rd8 24. Bxd5 exd5 25. Nb6 Rb8 26. Ne5 Re8 27. Qd2 b3 28. f3 Bf5 29. Qb2 Bc2 30. Nc6 Re1+ 31. Kf2 Rbe8 32. Nxd5 R8e2+ 33. Kg3 Rg1 34. Nf4 Rd2 35. d5 Ng6 36. Qa3 Nxf4 37. Kxf4 Rgxg2 38. Ne5 g5+ 0-1